 Dungeon Crawl Stone Soup version 0.28.0 (webtiles) character file.

Game seed: 7220351947880209502

1613 Cykl0x the Digger (level 8, -1/48 HPs)
             Began as a Gargoyle Earth Elementalist on Feb 13, 2022.
             Was a Believer of Zin.
             Slain by a komodo dragon (28 damage)
             ... on level 5 of the Dungeon.
             The game lasted 00:14:30 (7082 turns).

Cykl0x the Digger (Gargoyle Earth Elementalist)     Turns: 7082, Time: 00:14:30

Health: -1/48      AC: 10    Str: 14    XL:     8   Next: 95%
Magic:  1/15       EV: 12    Int: 18    God:    Zin [**....]
Gold:   225        SH:  0    Dex: 11    Spells: 12/16 levels left

rFire   . . .      SeeInvis .   i - +2 dagger (venom)
rCold   . . .      Faith    .   (no shield)
rNeg    + . .      Spirit   .   t - +2 robe {Will+}
rPois   ∞          Reflect  .   (no helmet)
rElec   +          Harm     .   (no cloak)
rCorr   .          Rampage  .   (no gloves)
Will    +....                   k - +0 pair of boots
Stlth   ++........              (no amulet)
HPRegen 0.16/turn               (no ring)
MPRegen 0.14/turn               (no ring)

@: vitalised, on recite cooldown
A: sickness immunity, AC +5, negative energy resistance 1, electricity
resistance, torment resistance 1, petrification resistance
a: Renounce Religion, Recite, Vitalisation, Donate Gold


You were on level 5 of the Dungeon.
You worshipped Zin.
Zin was pleased with you.
You visited 2 branches of the dungeon, and saw 6 of its levels.

You collected 250 gold pieces.
You donated 25 gold pieces to Zin.

Inventory:

Hand Weapons
 i - a +2 dagger of venom (weapon)
 j - a +0 rapier
 p - a +1 dagger of protection
Missiles
 c - 165 stones
Armour
 a - a +0 leather armour
 b - a +0 robe
 g - a +0 kite shield
 h - a +0 ring mail
 k - a +0 pair of boots (worn)
 q - a +0 ring mail
 r - a +0 helmet
 t - a +2 robe of willpower (worn)
 u - a +0 pair of boots
Wands
 l - a wand of polymorph (8)
Scrolls
 e - 5 scrolls of teleportation
 m - 2 scrolls of identify
 n - 2 scrolls of torment {unknown}
 x - a scroll of fear {unknown}
Potions
 d - a potion of attraction {unknown}
 f - 2 potions of degeneration {unknown}
 o - a potion of heal wounds
 s - 2 potions of lignification {unknown}
 v - 2 potions of might {unknown}
 w - a potion of mutation {unknown}


   Skills:
 * Level 4.3 Fighting
 + Level 1.3(2.4) Short Blades
 * Level 3.2(3.3) Long Blades
 + Level 1.8 Armour
 + Level 2.2 Dodging
 - Level 2.1 Stealth
 + Level 4.8 Spellcasting
 * Level 5.0 Conjurations
 - Level 0.7 Transmutations
 + Level 6.8 Earth Magic
 * Level 2.2 Invocations


You had 12 spell levels left.
You knew the following spells:

 Your Spells              Type           Power      Damage    Failure   Level
a - Sandblast             Erth           56%        2d13      1%          1
b - Stone Arrow           Conj/Erth      50%        3d10      3%          3

Your spell library contained the following spells:

 Spells                   Type           Power      Damage    Failure   Level
 Passwall                 Tmut/Erth      14%        N/A       4%          2
 Freeze                   Ice            16%        1d4       14%         1
 Summon Small Mammal      Summ           16%        N/A       14%         1
 Petrify                  Tmut/Erth      17%        N/A       28%         4
 Call Canine Familiar     Summ           4%         N/A       38%         3
 Frozen Ramparts          Ice            8%         1d2       38%         3
 Summon Guardian Golem    Hex/Summ       4%         N/A       38%         3
 Hailstorm                Conj/Ice       13%        3d5       43%         4


Dungeon Overview and Level Annotations

Branches:
Dungeon (5/15)             Temple (1/1) D:5

Altars:
Ashenzari
Cheibriados
Dithmenos
Elyvilon
Gozag
Hepliaklqana
Kikubaaqudgha
Makhleb
Nemelex Xobeh
Sif Muna
Vehumet
Xom
Yredelemnul
Zin

Shops:
D:1 (


Innate Abilities, Weirdness & Mutations

You are immune to sickness and miasma.
Your stone body is resilient. (AC +5)
You are immune to poison.
You resist negative energy. (rN+)
You are resistant to electric shocks. (rElec)
You are resistant to unholy torment.
You are immune to petrification.


Message History

The komodo dragon hisses angrily.
The iguana hisses angrily.
The white imp shouts, "Turn tail, thou baffled mumble-news bum-bailey!"
The white imp gestures at you. The puff of frost hits you!
The ogre shouts!
Found a moonstone ring.
The stone arrow hits the white imp!
You kill the white imp!
The stone arrow hits the iguana!
The iguana is heavily wounded.
The stone arrow misses the iguana.
The iguana barely misses you.
Activating: Recite (1% risk of failure)
Press: ? - help, Dir - look around, f - activate You clear your throat and prepare to recite. "The unbelievers stood before Zin, and in that instant..."
The iguana closely misses you.
Unknown command.
Zin grants you divine stamina. "...they knew they would be found guilty of doubt..."
The ogre is dazed by your recitation. The iguana bites you!
The ogre is lost in a daze.
The stone arrow hits the iguana!
You kill the iguana! "...for that is the word of Zin, and Zin's word is law."
You finish reciting Apostates 27:73.
Unknown command.
Casting: Stone Arrow (dangerous; 3% risk of failure)
Confirm with . or Enter, or press ? or * to list all spells.
Aiming: Sandblast (safe; 1% risk of failure)
Press: ? - help, Shift-Dir - straight line, f - komodo dragon
Aim: a komodo dragon (86% to hit)
The blast of sand hits the komodo dragon!!
The komodo dragon is heavily wounded.
c - 165 stones The komodo dragon misses you.
You barely miss the komodo dragon.
The komodo dragon is heavily wounded.
The komodo dragon bites you!!
Ouch! That really hurt!
You die...

+.....###..<......##
#.......#
#..................#
#...#...#
#....####.....####.#
#...#...### #....#
##...##..#.# #...#....#8
###..# ##.##...#.#
#...#...... ..#
#.#...##.###...#...... .
+#.#††##........'...'..
...###...###....######...##8
.......8Orl@....#.........##
..###...###....#.########'#
+#.#'l##...#.# #.....
#.#5r.##..#.# #.....
##.##.lO#..#.# #..... #
##...##.=#..#.# #..... ##
#.####.....####..#.########'#
.#
#................#...)......#
.#
########.###...#.###.........


You could see a komodo dragon, an ogre (dazed) and a quokka.

Vanquished Creatures
  Grinder (D:5)
  Sigmund (D:4)
  A water moccasin (D:5)
  A sky beast (D:5)
  3 ogres
  A phantom (D:5)
  Blork the orc (D:4)
  2 scorpions
  A water moccasin skeleton (D:5)
  A centaur zombie (D:5)
  A centaur skeleton (D:5)
  4 iguanas (D:5)
  Ijyb (D:4)
  An orc wizard (D:5)
  Natasha (thrice) (D:4)
  A killer bee zombie (D:5)
  A hound zombie (D:5)
  Robin (D:4)
  5 adders
  A shadow imp (D:5)
  A white imp (D:5)
  An adder skeleton (D:4)
  2 worms
  A dart slug (D:1)
  13 orcs
  7 endoplasms
  2 giant cockroaches (D:1)
  14 goblins
  12 hobgoblins
  6 jackals
  4 kobolds
  A quokka (D:3)
  6 ball pythons
  6 bats
  2 frilled lizards (D:2)
  4 rats
114 creatures vanquished.

Notes
Turn   | Place    | Note
-------+----------+-------------------------------------------
     0 | D:1      | Cykl0x the Gargoyle Earth Elementalist began the quest for
                  | the Orb.
     0 | D:1      | Reached XP level 1. HP: 10/10 MP: 3/3
   219 | D:1      | Reached skill level 4 in Earth Magic
   328 | D:1      | Reached XP level 2. HP: 13/15 MP: 0/5
   577 | D:1      | Found a faded altar of an unknown god.
   705 | D:1      | Found Pity's Weapon Boutique.
  1433 | D:2      | Reached XP level 3. HP: 20/20 MP: 2/6
  1437 | D:2      | Learned a level 3 spell: Stone Arrow
  1930 | D:2      | Reached skill level 1 in Long Blades
  2460 | D:3      | Reached XP level 4. HP: 24/24 MP: 0/8
  2470 | D:3      | Reached skill level 1 in Conjurations
  2668 | D:3      | Found a burning altar of Makhleb.
  2973 | D:3      | Found an opulent altar of Gozag.
  3232 | D:3      | Noticed a scorpion
  3235 | D:3      | Killed a scorpion
  3236 | D:3      | Reached skill level 1 in Fighting
  3236 | D:3      | Reached XP level 5. HP: 29/29 MP: 1/9
  3771 | D:4      | Noticed Natasha
  3775 | D:4      | Killed Natasha
  3845 | D:4      | Noticed Blork the orc
  3852 | D:4      | Killed Blork the orc
  3853 | D:4      | Reached skill level 1 in Armour
  3853 | D:4      | Reached XP level 6. HP: 14/35 MP: 0/10
  4122 | D:4      | Noticed Natasha
  4125 | D:4      | Killed Natasha
  4126 | D:4      | Reached skill level 5 in Earth Magic
  4279 | D:4      | Noticed Ijyb
  4295 | D:4      | Killed Ijyb
  4662 | D:4      | Noticed Robin
  4669 | D:4      | Killed Robin
  4821 | D:4      | Noticed Sigmund
  4837 | D:4      | Killed Sigmund
  4838 | D:4      | Reached XP level 7. HP: 14/41 MP: 3/12
  5180 | D:4      | Noticed Natasha
  5184 | D:4      | Killed Natasha
  5429 | D:5      | Entered Level 5 of the Dungeon
  5613 | D:5      | Found a staircase to the Ecumenical Temple.
  5622 | Temple   | Entered the Ecumenical Temple
  5660 | Temple   | Became a worshipper of Zin the Law-Giver
  5660 | Temple   | Reached * piety under Zin
  5708 | D:5      | Reached skill level 1 in Short Blades
  5876 | D:5      | Reached skill level 1 in Invocations
  5876 | D:5      | Reached XP level 8. HP: 46/46 MP: 3/14
  5996 | D:5      | Reached skill level 6 in Earth Magic
  6230 | D:5      | Reached ** piety under Zin
  6847 | D:5      | Noticed Grinder
  6853 | D:5      | Killed Grinder
  6977 | D:5      | Reached skill level 5 in Conjurations
  7069 | D:5      | Noticed a komodo dragon
  7082 | D:5      | Slain by a komodo dragon

Illustrated notes

Levels and vault maps discovered:
D:1:      psy_arrival_spokes, layout_basic, serial_shops, nicolae_shop_stone,
          shapermc_ecumenical_altar_acropolis, minivault_27,
          minmay_misc_feat_alley, minmay_unequal
D:2:      layout_loops_ring
D:3:      layout_rooms, lemuel_crystal_altar, nicolae_gozag_seed_capital,
          kennysheep_generic_room_16
D:4:      layout_cave_pools, kennysheep_generic_room_14, uniq_sigmund,
          uniq_ijyb, uniq_blork_the_orc, uniq_natasha, uniq_robin
D:5:      cheibrodos_barr_body, layout_basic,
          minmay_temple_entry_gardened_gates, serial_corexii_hall,
          corexii_hall_statues_x, chequers_hall_statues_corner_a,
          corexii_hall_statues_i, uniq_grinder
Temple:   minmay_temple_bridge_abc

Skill      XL: |  1  2  3  4  5  6  7  8 |
---------------+-------------------------+-----
Earth Magic    | 4 5 6 |  6.8
Long Blades    | 1 2 3 |  3.2
Conjurations   | 1 2 3 5 |  5.0
Fighting       | 1 3 4 |  4.3
Spellcasting   | 3 4 |  4.8
Armour         | 1 |  1.8
Dodging        | 2 |  2.2
Short Blades   | 1 |  1.3
Invocations    | 1 2 |  2.2
Stealth        | |  2.1
Transmutations | |  0.7

Action                   |  1- 3 |  4- 6 |  7- 9 || total
-------------------------+-------+-------+-------++-------
Melee: Dagger            |    16 |    46 |    26 ||    88
       Unarmed           |     2 |     1 |       ||     3
 Cast: Sandblast         |    30 |    13 |    14 ||    57
       Stone Arrow       |    10 |    44 |    51 ||   105
Invok: Recite            |       |       |     1 ||     1
       Vitalisation      |       |       |     1 ||     1
  Use: Scroll            |     2 |     1 |       ||     3
       Potion            |       |     2 |       ||     2
Armor: Robe              |     3 |       |    13 ||    16
       Leather armour    |     6 |    12 |       ||    18
Dodge: Dodged            |    22 |    44 |    21 ||    87
